 Dungeon Sprint DCSS version 0.31-a0-716-gc7603755dd (webtiles) character file.

Game seed: 8723434669676084406

2 rocky1 the Trooper (level 1, 0/20 HPs)
             Began as a Djinni Fighter on Sept 11, 2023.
             Slain by Jessica
             ... wielding a +0 dagger
              (2 damage)
             ... in the Dungeon (Sprint III: "The Ten Rune Challenge").
             The game lasted 00:00:19 (46 turns).

rocky1 the Trooper (Djinni Fighter)                   Turns: 46, Time: 00:00:20

Health: 0/20       AC:  6    Str: 15    XL:     1   Next: 33%
Gold:   10         EV:  8    Int:  9    God:
                   SH:  4    Dex: 12

rFire   + + .        a - +0 long sword
rCold   x . .        c - +0 buckler
rNeg    . . .        b - +0 scale mail
rPois   ∞            (no helmet)
rElec   .            (no cloak)
rCorr   .            (no gloves)
SInv    .            (boots unavailable)
Will    .....        (no amulet) Stlth
                     (no ring)
HPRegen 0.23/turn    (no ring)
MPRegen 0.00/turn

%: no teleportation, infuse magic (-1 HP)
@: flying
A: sickness immunity, fire resistance 2, cold vulnerability 1, float, innate
caster, HP casting, extra vitality 1
a: no special abilities


You were in the Dungeon.
You visited 1 branch You collected 10 gold pieces.

Inventory:

Hand Weapons
 a - a +0 long sword (weapon)
Armour
 b - a +0 scale mail (worn)
 c - a +0 buckler (worn)
Scrolls
 i - a scroll of blinking
Potions
 d - a potion of might
 e - a potion of curing
 f - a potion of heal wounds
 g - a potion of haste
 h - a potion of berserk rage


   Skills:
 + Level 3.2 Fighting
 * Level 1.9 Long Blades
 - Level 3.2 Armour
 + Level 3.2 Shields You didn't know any spells. Your spell library was empty.

Dungeon Overview and Level Annotations

Branches:
Dungeon (1/1)

Altars:

Annotations:
D Jessica


Innate Abilities, Weirdness & Mutations

You are immune to sickness and miasma.
You are immune to poison.
Your flesh is very heat resistant. (rF++)
You are vulnerable to cold. (rC-)
You float through the air rather than walking.
You learn spells naturally, not from books.
Your magical power is your life essence.
You have superior vitality. (+4 MHP)


Message History

No target in view!
A rat comes into view.
Found a leather armour.
You see here a rat corpse.
You hit the rat but do no damage. The rat bites you.
You slash the rat!
You kill the rat!
No target in view!
HP restored.
You see here a rat corpse.
A rat comes into view.
You closely miss the rat. The rat bites you but does no damage.
You slash the rat!
You kill the rat!
No target in view!
You now have 10 gold pieces.
Jessica the Apprentice Sorceress comes into view.
She is wielding a +0 dagger.
Jessica shouts!
Jessica barely misses you.
You closely miss Jessica. Jessica hits you with a +0 dagger.
Jessica points at you and mumbles some strange words.
Pain shoots through your body!
Ouch! That really hurt!
Unknown command.
You hit Jessica.
Jessica is severely wounded.
You block Jessica's attack.
You hit Jessica but do no damage.
Jessica is severely wounded.
Jessica casts a spell.
Jessica seems to speed up.
Jessica hits you with a +0 dagger.
* * * LOW HITPOINT WARNING * * *
You closely miss Jessica.
Jessica is severely wounded.
Jessica barely misses you. Jessica hits you with a +0 dagger.
* * * LOW HITPOINT WARNING * * *
You closely miss Jessica.
Jessica is severely wounded.
Jessica barely misses you. Jessica hits you with a +0 dagger.
You die...

▓▓▓▓▓▓▓▓▓
▓<..#...####
▓...#......##
▓..##.......#
▓##.##.##...#
##.##.###..#
▓#.####.##@.#
▓.###..##.@##
▓#..†..##..#
###†.##...#
##..##....#
#..###..##.
#[.# #.. #
▓▓▓▓ ▓▓▓


You could see Jessica (fast).

Vanquished Creatures
  3 rats (D)
3 creatures vanquished.

Notes
Turn   | Place    | Note
-------+----------+-------------------------------------------
     0 | D        | rocky1 the Djinni Fighter began the quest for the Orb.
     0 | D        | Reached XP level 1. HP: 20/20 MP: 0/0
    39 | D        | Noticed Jessica
    46 | D        | Slain by Jessica

Illustrated notes

Levels and vault maps discovered:
D:        dungeon_sprint_mu [sprint_mu_entry_cave, sprint_mu_temple_rooms,
          sprint_mu_d1_horrors, sprint_mu_d2_genie, sprint_mu_d3_branching,
          sprint_mu_orc_legion, sprint_mu_elf_gauntlet, sprint_mu_hive_nellie,
          sprint_mu_lair_fedhas, sprint_mu_vaults_butterflies,
          sprint_mu_slime_circle, sprint_mu_swamp_cave, sprint_mu_shoals_kraken,
          sprint_mu_blade_basic, sprint_mu_crypt_chambers,
          sprint_mu_tomb_spiral, sprint_mu_vestibule_basic,
          sprint_mu_gehenna_hellfire, sprint_mu_dis_giant,
          sprint_mu_tartarus_statrot, sprint_mu_cocytus_islands, sprint_mu_zot1]

Action                     || total
---------------------------++-------
  Melee: Long sword        ||    10
 Armour: Scale mail        ||     7
  Dodge: Dodged            ||     3
  Block: Buckler           ||     1

Table legend: (Time is in decaauts)
 A = Elapsed time spent in this place.
 B = Non-inter-level travel time spent in this place.
 C = Inter-level travel time spent in this place.
 D = Time resting spent in this place.
 E = Time spent auto-exploring this place.
 F = Levels seen in this place.
 G = Mean time per level.
                   A        B        C        D        E       F      G
               +--------+--------+--------+--------+--------+-----+--------+
         Total |     49 |     49 |      0 |      0 |     28 |   1 |   49.0 |
       Dungeon |     49 |     49 |      0 |      0 |     28 |   1 |   49.0 |
               +--------+--------+--------+--------+--------+-----+--------+

Top non-repeatable levels by time:
       D: 49 daAuts
